 Dungeon Crawl Stone Soup version 0.19.5 (webtiles) character file.

5403 Kosschaser the Grappler (level 10, -1/141 HPs)
             Began as a Troll Berserker on May 26, 2017.
             Was a High Priest of Trog.
             Slain by a blink frog (11 damage)
             ... on level 2 of the Lair of Beasts.
             The game lasted 00:24:03 (7444 turns).

Kosschaser the Grappler (Troll Berserker)           Turns: 7444, Time: 00:24:03

Health: -1/141     AC:  6    Str: 35    XL:     10   Next: 40%
Magic:  0/9        EV: 14    Int:  3    God:    Trog [*****.]
Gold:   691        SH:  0    Dex: 13    Spells: 0 memorised, 9 levels left

rFire  . . .     SeeInvis .       - Unarmed
rCold  . . .     Gourm    +     E - +0 robe of the Lost Path {Dex+4} (curse)
rNeg   . . .     Faith    .     (no shield)
rPois  .         Spirit   +     (helmet restricted)
rElec  .         Reflect  .     F - +0 cloak {MR+}
rCorr  .         Harm     .     (gloves unavailable)
MR     +++..                    (boots unavailable)
Stlth  ..........               D - amulet of guardian spirit
                                (no ring)
                                a - +1 ring of evasion

@: berserking, regenerating, very quick
A: unfitting armour, claws 3, fast metabolism 3, gourmand, regeneration 1,
shaggy fur 1, tough skin 2
a: Berserk, Trog's Hand, Brothers in Arms, Burn Spellbooks, Renounce Religion


You were on level 2 of the Lair of Beasts.
You worshipped Trog.
Trog was extremely pleased with you.
You were very full.

You visited 2 branches of the dungeon, and saw 11 of its levels.
You also visited: Ossuary.

You collected 691 gold pieces.

Inventory:

Armour
 E - the cursed +0 robe of the Lost Path (worn) {Dex+4}
   (You found it on level 6 of the Dungeon)

   It affects your dexterity (+4).
   It has a curse placed upon it.
 F - a +0 cloak of magic resistance (worn)
Jewellery
 a - a +1 ring of evasion (left claw)
 d - a +3 amulet of reflection
 D - an amulet of guardian spirit (around neck)
Wands
 u - a wand of lightning (7/15)
 x - a wand of lightning (9/15)
 G - a wand of flame (31/48)
 J - a wand of digging (12/24)
Scrolls
 e - 3 scrolls of magic mapping
 g - 3 scrolls of fog
 h - a scroll of fear {unknown}
 j - a scroll of immolation {unknown}
 l - 2 scrolls of teleportation {unknown}
 m - 3 scrolls of random uselessness {unknown}
 n - a scroll of enchant weapon {unknown}
 t - a scroll of recharging
 v - a scroll of acquirement {unknown}
 w - a scroll of amnesia {unknown}
 y - 3 scrolls of remove curse
 B - a scroll of blinking
Potions
 f - 2 potions of cancellation {unknown}
 i - 4 potions of cure mutation {unknown}
 o - a potion of mutation {unknown}
 p - a potion of agility {unknown}
 q - a potion of flight {unknown}
 r - 6 potions of curing {unknown}
 s - 3 potions of brilliance {unknown}
 A - a potion of invisibility {unknown}
 C - 2 potions of magic {unknown}
 H - a potion of haste {unknown}
 I - 2 potions of degeneration {unknown}
Comestibles
 b - 5 bread rations
 c - 5 beef jerkies
 k - 3 meat rations
 z - 2 royal jellies


   Skills:
 + Level 4.9 Fighting
 + Level 6.0 Dodging
 + Level 13.0 Unarmed Combat


You had 9 spell levels left.
You didn't know any spells.

Dungeon Overview and Level Annotations

Branches:
Dungeon (9/15)             Temple (0/1) D:7            Lair (2/6) D:9
  Swamp: Lair:2-4    Shoals: Lair:2-4     Snake: Lair:2-4    Spider: Lair:2-4
    Orc: D:9-12

Altars:
Dithmenos
Makhleb
Qazlal
Trog

Shops:
D:7 =


Innate Abilities, Weirdness & Mutations

You are too large for most types of armour.
You have claws for hands.
Your metabolism is lightning-fast.
You like to eat raw meat.
Your natural rate of healing is unusually fast.
You are covered in fur. (AC +1)
You have very tough skin. (AC +2)


Message History

You miss the blink frog. Your claw misses the blink frog.
The blink frog is moderately wounded.
The blink frog hits you.
* * * LOW HITPOINT WARNING * * *
The blink frog completely misses you. The blink frog hits you.
* * * LOW HITPOINT WARNING * * *
You barely miss the blink frog. Your claw misses the blink frog.
The blink frog is moderately wounded.
The blink frog misses you.
The blink frog hits you but does no damage.
The blink frog misses you.
You closely miss the blink frog.
The blink frog is moderately wounded.
The blink frog hits you but does no damage.
The blink frog hits you.
* * * LOW HITPOINT WARNING * * *
The blink frog blinks!
The blink frog hits you!
* * * LOW HITPOINT WARNING * * *
The blink frog hits you!
You die...

#......######.......
##.......##..#.≈.....
#............≈≈≈≈≈...
#......P....≈≈≈≈≈≈..
##.......#....≈≈≈≈≈..
#.......#...<≈≈≈≈≈≈..
##......##...≈≈≈≈≈≈..
#.......###..≈≈≈≈≈≈..
##...§@F....≈≈≈≈≈≈...
#.....FFF....≈≈≈≈≈....
..............≈≈≈≈.....
........................
................#.......
........................
####...........##......
#.#..[......# ....


You could see 4 blink frogs.

Vanquished Creatures
  A troll (D:9)
  A blink frog (Lair:2)
  A hippogriff (D:7)
  Sigmund (D:3)
  5 yaks (D:9)
  A hungry ghost (D:8)
  A porcupine (Lair:1)
  A water moccasin (Lair:1)
  An orc warrior (D:9)
  2 ice beasts
  A phantom (D:9)
  A black bear (D:6)
  A necrophage (D:9)
  2 ogres
  2 centaurs
  2 crocodiles (Lair:1)
  A big kobold (D:8)
  Blork the orc (D:6)
  A wyvern zombie (D:9)
  2 bullfrogs
  A scorpion (D:4)
  2 vampire bats (D:6)
  16 wights
  An electric eel (Lair:2)
  5 howler monkeys
  A bullfrog zombie (D:8)
  3 crimson imps
  A human zombie (Ossuary)
  A jelly (D:7)
  2 hounds
  4 orc priests
  9 orc wizards
  Crazy Yiuf (D:7)
  Terence (D:2)
  5 iguanas
  2 worker ants
  2 big kobold zombies (Ossuary)
  2 mummies (Ossuary)
  A howler monkey zombie (D:7)
  A worker ant zombie (D:5)
  10 adders
  6 gnolls
  4 shadow imps
  An adder zombie (D:9)
  An adder skeleton (D:4)
  5 worms
  2 dart slugs (D:1)
  4 leopard geckos
  28 orcs
  14 bats
  8 giant cockroaches
  7 goblins
  4 hobgoblins
  7 jackals
  6 quokkas
  7 frilled lizards
  5 gnoll zombies (Ossuary)
  2 goblin zombies
  2 hobgoblin zombies (Ossuary)
  4 kobolds
  3 orc zombies (Ossuary)
  5 rats
  A rat zombie (D:7)
226 creatures vanquished.

Notes
Turn   | Place    | Note
-------+----------+-------------------------------------------
     0 | D:1      | Kosschaser the Troll Berserker began the quest for the Orb.
     0 | D:1      | Reached XP level 1. HP: 22/22 MP: 0/0
    79 | D:1      | Reached XP level 2. HP: 24/29 MP: 1/1
  1014 | D:2      | Reached XP level 3. HP: 36/36 MP: 2/2
  1206 | D:2      | Reached skill level 4 in Unarmed Combat
  1247 | D:2      | Found a shadowy altar of Dithmenos.
  1302 | D:2      | Noticed Terence
  1314 | D:2      | Killed Terence
  1314 | D:2      | Reached ** piety under Trog
  1314 | D:2      | Reached XP level 4. HP: 31/44 MP: 3/3
  1721 | D:3      | Noticed Sigmund
  1752 | D:3      | Killed Sigmund
  1752 | D:3      | Reached skill level 5 in Unarmed Combat
  1752 | D:3      | Reached XP level 5. HP: 13/53 MP: 4/4
  1752 | D:3      | Reached XP level 6. HP: 15/61 MP: 5/5
  1806 | D:3      | Reached skill level 6 in Unarmed Combat
  2576 | D:4      | Found a burning altar of Makhleb.
  2680 | D:4      | Found a stormy altar of Qazlal.
  2693 | D:4      | Reached XP level 7. HP: 43/67 MP: 6/6
  2699 | D:4      | Reached *** piety under Trog
  2770 | D:4      | Reached skill level 7 in Unarmed Combat
  3101 | D:5      | Entered Level 5 of the Dungeon
  3596 | D:5      | Reached skill level 8 in Unarmed Combat
  3638 | D:5      | Reached XP level 8. HP: 67/75 MP: 7/7
  3951 | D:6      | Noticed Blork the orc
  3955 | D:6      | Killed Blork the orc
  4092 | D:6      | Reached skill level 9 in Unarmed Combat
  4097 | D:6      | Reached **** piety under Trog
  4166 | D:6      | Got a bloodstained robe
  4177 | D:6      | Identified the cursed +0 robe of the Lost Path {Dex+4} (You found it on level 6 of the Dungeon)
  4217 | D:6      | Reached skill level 5 in Dodging
  4306 | D:6      | Reached skill level 10 in Unarmed Combat
  4823 | D:6      | Reached XP level 9. HP: 83/84 MP: 8/8
  5005 | D:7      | Found a sand-covered staircase.
  5024 | Ossuary  | Entered an ossuary
  5071 | Ossuary  | Reached ***** piety under Trog
  5378 | D:7      | Found a staircase to the Ecumenical Temple.
  5434 | D:7      | Found a runed door.
  5506 | D:7      | Found Luxi's Jewellery Shoppe.
  5848 | D:7      | Noticed Crazy Yiuf
  5853 | D:7      | Killed Crazy Yiuf
  5853 | D:7      | Reached skill level 11 in Unarmed Combat
  6224 | D:8      | Found a bloodstained altar of Trog.
  6481 | D:9      | Noticed a troll
  6501 | D:9      | Killed a troll
  6501 | D:9      | Reached skill level 12 in Unarmed Combat
  6506 | D:9      | Reached XP level 10. HP: 94/94 MP: 9/9
  6753 | D:9      | Received a gift from Trog
  7097 | D:9      | Found a staircase to the Lair.
  7113 | Lair:1   | Entered Level 1 of the Lair of Beasts
  7113 | Lair:1   | Found a stormy altar of Qazlal.
  7377 | Lair:1   | Noticed a seven-headed hydra
  7413 | Lair:2   | Reached skill level 13 in Unarmed Combat
  7444 | Lair:2   | Slain by a blink frog

Skill      XL: |  1  2  3  4  5  6  7  8  9 10 |
---------------+-------------------------------+-----
Unarmed Combat | 4 5 6 8 10 12 13 | 13.0
Fighting       | 3 4 |  4.9
Dodging        | 3 4 5 6 |  6.0

Action                   |  1- 3 |  4- 6 |  7- 9 | 10-12 || total
-------------------------+-------+-------+-------+-------++-------
Melee: Unarmed           |    94 |   111 |   309 |    97 ||   611
       Punch             |       |     1 |    14 |     4 ||    19
Invok: Burn Spellbooks   |       |     1 |     2 |       ||     3
       Berserk           |       |     1 |     3 |     1 ||     5
       Trog's Hand       |       |       |       |     1 ||     1
  Use: Scroll            |       |       |     4 |     4 ||     8
 Stab: Sleeping          |     1 |       |       |     1 ||     2
  Eat: Chunk             |    16 |    12 |    34 |    17 ||    79
       Pizza             |       |       |     1 |       ||     1
Armor: Animal skin       |    45 |    26 |    20 |       ||    91
       Robe              |       |       |    40 |    12 ||    52
Dodge: Dodged            |    39 |    50 |   140 |    52 ||   281
Block: Other             |     6 |     8 |     4 |       ||    18
       Reflection        |       |     1 |       |       ||     1
